 Dungeon Crawl Stone Soup version 0.26.0-16-gc1dbca0489 (webtiles) character file.

Game seed: 10655921995874724094

352 Descartes the Covert (level 6, 0/28 HPs)
             Began as a Felid Monk on Jan 17, 2021.
             Slain by an orc warrior
             ... wielding a +0 hand axe
              (12 damage)
             ... on level 5 of the Dungeon.
             The game lasted 00:13:39 (11236 turns).

Descartes the Covert (Felid Monk)                  Turns: 11236, Time: 00:13:39

Health: 0/28       AC:  2    Str:  9    XL:     6   Next: 35%
Magic:  7/7        EV: 24    Int: 12    God:
Gold:   264        SH:  0    Dex: 18    Spells: 5/5 levels left
                                        Lives:  0   Deaths: 2

rFire    . . .     SeeInvis +     - Unarmed
rCold    . . .     Faith    .   (shield unavailable)
rNeg     . . .     Spirit   .   (armour unavailable)
rPois    .         Reflect  .   (helmet unavailable)
rElec    .         Harm     .   (cloak unavailable)
rCorr    .         Rampage  .   (gloves unavailable)
Will     .....                  (boots unavailable)
Stlth    +++++.....             (no amulet)
HPRegen  0.09/turn              (no ring)
MPRegen  0.10/turn              (no ring)

@: quick
A: very small, no armour, no weapons or thrown items, stealth, claws 1, fangs 3,
see invisible, speed 1, shaggy fur 2, sharp paws
a: no special abilities


You were on level 5 of the Dungeon.
You visited 2 branches of the dungeon, and saw 7 of its levels.

You collected 264 gold pieces.

Inventory:

Missiles
 f - 204 stones
 i - 79 arrows
Jewellery
 w - an uncursed ring of poison resistance {unknown}
Wands
 q - a wand of random effects (18)
 v - a wand of disintegration (9)
Scrolls
 b - 4 scrolls of teleportation {unknown}
 g - a scroll of enchant armour {unknown}
 h - a scroll of fog {unknown}
 j - a scroll of magic mapping {unknown}
 k - a scroll of random uselessness {unknown}
 m - 8 scrolls of remove curse
 p - 2 scrolls of enchant weapon {unknown}
 r - a scroll of fear {unknown}
 t - a scroll of noise {unknown}
Potions
 a - 2 potions of heal wounds
 c - 2 potions of lignification
 d - a potion of cancellation
 e - 2 potions of degeneration {unknown}
 l - a potion of attraction
 n - 3 potions of might {unknown}
 o - 2 potions of haste {unknown}
 s - a potion of magic
 u - 3 potions of curing {unknown}
 x - a potion of invisibility {unknown}


   Skills:
 - Level 3.0 Fighting
 + Level 7.7 Dodging
 + Level 9.6 Stealth
 + Level 3.8 Unarmed Combat


You had 5 spell levels left.
You didn't know any spells.
Your spell library was empty.

Dungeon Overview and Level Annotations

Branches:
Dungeon (6/15)             Temple (1/1) D:5

Altars:
Ashenzari
Cheibriados
Dithmenos
Elyvilon
Fedhas
Gozag
Hepliaklqana
Kikubaaqudgha
Makhleb
Nemelex Xobeh
Okawaru
Qazlal
Ru
Sif Muna
Trog
Uskayaw
Vehumet
Wu Jian
Xom
Yredelemnul
Zin
The Shining One

Shops:
D:5 *

Annotations:
D:2 Terence
D:4 Pikel


Innate Abilities, Weirdness & Mutations

You cannot wear armour.
You are incapable of wielding weapons or throwing items.
Your paws allow you to move quietly. (Stealth)
You have sharp claws.
You have razor-sharp teeth.
You have supernaturally acute eyesight. (SInv)
You cover ground quickly.
You are covered in thick fur. (AC +2)
Your sharp claws are effective at attacking unaware monsters.


Message History

The orc warrior completely misses you.
You scratch the orc warrior.
The orc warrior is heavily wounded.
The orc warrior closely misses you.
You scratch the orc warrior.
The orc warrior is heavily wounded.
The orc warrior hits you with a +0 hand axe!
You claw the orc warrior! Your bite misses the orc warrior.
The orc warrior is almost dead.
You scratch the orc warrior but do no damage.
The orc warrior is almost dead.
The orc warrior misses you.
You scratch the orc warrior but do no damage.
The orc warrior is almost dead.
The orc warrior misses you.
You scratch the orc warrior but do no damage.
You bite the orc warrior, but do no damage.
The orc warrior is almost dead.
The orc warrior hits you with a +0 hand axe!
You die...

..# ###.............#.....##
..###....#..#####...####..#
....<.###....#......# #..#
##...####...........## #..#
##...........####...# ##.##
#........[..####...####.K###
##.........................###
#............o.........###..#
#.........#..@........## #.5##
##..####..##.....####..# ##K.#
# #..## #..##...### #..# ##.#
###..# ###..##..## #..# #.5
.....###.......## ##.# ##.
##........#...## #.## ##..
###...######## #..####...
#.### #......... ##.#
##.........


You could see an orc warrior.

Vanquished Creatures
  A sky beast (D:5)
  2 ogres
  4 lemures
  A scorpion (D:4)
  A howler monkey (D:4)
  3 orc wizards (D:3)
  Crazy Yiuf (D:4)
  2 centaur skeletons
  An iguana (D:4)
  2 worker ants (D:4)
  6 gnolls (D:3)
  An adder (D:2)
  A shadow imp (D:5)
  An ufetubus (D:3)
  5 worms
  2 dart slugs
  2 leopard geckos (D:2)
  9 orcs
  4 ball pythons
  9 bats
  7 giant cockroaches
  15 goblins
  7 hobgoblins
  12 jackals
  4 quokkas
  A ball python skeleton (D:4)
  5 frilled lizards
  A jackal skeleton (D:4)
  9 kobolds
  7 rats
126 creatures vanquished.

Vanquished Creatures (others)
  A bat (D:3)
1 creature vanquished.

Grand Total: 127 creatures vanquished

Notes
Turn   | Place    | Note
-------+----------+-------------------------------------------
     0 | D:1      | Descartes the Felid Monk began the quest for the Orb.
     0 | D:1      | Reached XP level 1. HP: 10/10 MP: 2/2
    36 | D:1      | Reached skill level 3 in Stealth
   348 | D:1      | Reached XP level 2. HP: 3/14 MP: 3/3
   354 | D:1      | Reached skill level 4 in Stealth
  1170 | D:2      | Reached skill level 5 in Stealth
  1170 | D:2      | Reached XP level 3. HP: 12/17 MP: 4/4
  2442 | D:2      | Reached skill level 6 in Stealth
  2797 | D:2      | Reached XP level 4. HP: 21/21 MP: 5/5
  2915 | D:2      | Found a basalt altar of Yredelemnul.
  2923 | D:2      | Found a shimmering blue altar of Sif Muna.
  2926 | D:2      | Found a radiant altar of Vehumet.
  2972 | D:2      | Found a broken altar of Ashenzari.
  3510 | D:3      | Reached skill level 7 in Stealth
  3510 | D:3      | Reached XP level 5. HP: 23/24 MP: 6/6
  3517 | D:3      | HP: 1/24 [orc wizard/puff of frost (7)]
  4186 | D:3      | Reached skill level 5 in Dodging
  5481 | D:3      | Noticed Terence
  5667 | D:2      | Killed from afar by Terence
  5668 | D:2      | Reached XP level 4. HP: -4/21 MP: 5/5
  5707 | D:3      | Reached XP level 5. HP: 24/24 MP: 6/6
  5914 | D:4      | Reached skill level 8 in Stealth
  6239 | D:4      | Noticed an orc warrior
  7060 | D:4      | Gained mutation: You are covered in thick fur. (AC +2)
                  | [Felid growth]
  7060 | D:4      | Reached XP level 6. HP: 28/28 MP: 7/7
  7436 | D:4      | Reached skill level 9 in Stealth
  7573 | D:4      | Found a runed translucent door.
  7574 | D:4      | Noticed Crazy Yiuf
  7585 | D:4      | HP: 1/26 [Crazy Yiuf/+4 quarterstaff of chaos (2)]
  7902 | D:5      | Entered Level 5 of the Dungeon
  7903 | D:5      | Found a staircase to the Ecumenical Temple.
  7932 | Temple   | Entered the Ecumenical Temple
  8202 | D:5      | Noticed a sky beast
  8207 | D:5      | Killed a sky beast
  8208 | D:5      | Reached XP level 7. HP: 29/31 MP: 8/8
  8428 | D:5      | Noticed Pikel
  8884 | D:5      | Found Rakkiynn's General Store.
  9433 | D:4      | Killed Crazy Yiuf
 11202 | D:6      | Slain by an orc warrior
 11203 | D:6      | Reached XP level 6. HP: -3/28 MP: 7/7
 11236 | D:5      | Slain by an orc warrior

Illustrated notes

Levels and vault maps discovered:
D:1:      amcnicky_arrival_single_pillar, layout_loops_ring
D:2:      minmay_wonky_spiral, layout_rooms, grunt_temple_overflow_cloverleaf
D:3:      layout_basic, uniq_terence
D:4:      layout_gridville, uniq_crazy_yiuf_cottage
D:5:      layout_layer_cave, minmay_temple_entry_large_hall, serial_shops,
          kennysheep_mini_moat, uniq_pikel
D:6:      layout_basic, uniq_prince_ribbit1, uniq_duvessa
Temple:   dpeg_five_rooms_temple

Skill      XL: |  1  2  3  4  5  6 |
---------------+-------------------+-----
Stealth        | 3 5 6 7 8 9 |  9.6
Dodging        | 6 7 |  7.7
Fighting       | |  3.0
Unarmed Combat | |  3.8

Action                   |  1- 3 |  4- 6 |  7- 9 || total
-------------------------+-------+-------+-------++-------
Melee: Unarmed           |   141 |   291 |   139 ||   571
       Bite              |    10 |    28 |    12 ||    50
       Punch             |     2 |     4 |     3 ||     9
  Use: Scroll            |       |     6 |       ||     6
 Stab: Sleeping          |     9 |    16 |     2 ||    27
       Distracted        |       |     1 |     1 ||     2
Armor: Skin              |     8 |    10 |     2 ||    20
Dodge: Dodged            |   131 |   285 |   107 ||   523
